 Dungeon Crawl Stone Soup version 0.29.0-4-gdea44cf6ec (webtiles) character file.

Game seed: 4239477868908875693

32 qw the Chopper (level 3, -11/23 HPs)
             Began as a Gargoyle Berserker on Sept 6, 2022.
             Was a Believer of Trog.
             Killed from afar by Jessica (24 damage)
             ... with a bolt of light
             ... on level 2 of the Dungeon.
             The game lasted 00:00:25 (1047 turns).

qw the Chopper (Gargoyle Berserker)                 Turns: 1047, Time: 00:00:26

Health: -11/23     AC: 12    Str: 22    XL:     3   Next: 25%
Magic:  3/3        EV: 11    Int:  7    God:    Trog [**....]
Gold:   87         SH:  0    Dex:  9    Spells: 2/2 levels left

rFire   . . .      SeeInvis .   Y - +0 hand axe
rCold   . . .      Faith    .   (no shield)
rNeg    + . .      Spirit   .   b - +0 animal skin
rPois   inf        Reflect  .   (no helmet)
rElec   +          Harm     .   (no cloak)
rCorr   .          Rampage  .   i - +2 pair of gloves
Will    .....                   (no boots)
Stlth   +.........              (no amulet)
HPRegen 0.07/turn               c - +4 ring of protection
MPRegen 0.08/turn               (no ring)

@: slowed, very slow
A: sickness immunity, AC +3, negative energy resistance 1, electricity
resistance, torment resistance 1, petrification resistance
a: Renounce Religion, Berserk, Trog's Hand


You were on level 2 of the Dungeon.
You worshipped Trog.
Trog was pleased with you.
You visited 1 branch of the dungeon, and saw 2 of its levels.

You collected 87 gold pieces.


Innate Abilities, Weirdness & Mutations

You are immune to sickness and miasma.
Your stone body is resilient. (AC +3)
You are immune to poison.
You resist negative energy. (rN+)
You are resistant to electric shocks. (rElec)
You are resistant to unholy torment.
You are immune to petrification.


   Skills:
 - Level 3.2 Fighting
 + Level 3.9 Axes
 - Level 2.1 Armour
 - Level 1.5 Dodging


You had 2 spell levels left.
You didn't know any spells.
Your spell library was empty.

Inventory:

Hand Weapons
 e - a +0 club
 Y - a +0 hand axe (weapon)
Armour
 a - a +0 cloak
 b - a +0 animal skin (worn)
 i - a +2 pair of gloves (worn)
Jewellery
 c - a +4 ring of protection (left hand)
 f - a ring of ice
Scrolls
 g - a scroll of identify
 h - 2 scrolls of teleportation
Potions
 d - a potion of degeneration {unknown}

Dungeon Overview and Level Annotations

Branches:
Dungeon (2/15)

Altars:

Annotations:
D:2 Jessica


Message History

Trog accepts your kill.
You see here a giant cockroach corpse.
g - a scroll of identify Jessica the Apprentice Sorceress comes into view.
She is wielding a +3 dagger of venom and carrying a wand of light (6).
Jessica shouts!
Jessica gestures wildly while chanting.
Jessica seems to speed up.
1036 ||| Stepping ~*~*~tactically~*~*~ (hiding).
1037 ||| Stepping ~*~*~tactically~*~*~ (hiding).
You start waiting.
Jessica is nearby!
Jessica hits you with a +3 dagger of venom.
You closely miss Jessica. Jessica closely misses you. x2
You hit Jessica but do no damage. Jessica hits you but does no damage.
Jessica hits you with a +3 dagger of venom.
You hit Jessica.
Jessica is heavily wounded.
Jessica hits you with a +3 dagger of venom.
A rat comes into view.
You hit Jessica.
Jessica is almost dead.
Jessica casts a spell.
Jessica blinks!
Jessica gestures at you while chanting.
You feel yourself slow down.
Jessica points at you and mumbles some strange words.
You barely resist. You barely miss Jessica.
Jessica is almost dead.
Jessica mumbles something strange.
Jessica hits you with a +3 dagger of venom.
Jessica closely misses you.
Jessica hits you with a +3 dagger of venom.
You barely miss Jessica.
Jessica is severely wounded.
Jessica zaps a wand.
The bolt of light hits you!!
Ouch! That really hurt!
You die...

... # ... ..# # ...
#.. #####.# #.# #r#
......# #.# #.#
####### #.# #.#
####### #.# #.#
......########.###r#
####%.%........@@..#
#...........#####
#.########### #.#
#.# #.# #.# ..#


You could see Jessica (fast) and a rat.

Vanquished Creatures
  2 dart slugs (D:1)
  A ball python (D:1)
  3 bats (D:1)
  2 endoplasms (D:1)
  2 giant cockroaches
  2 hobgoblins
  2 jackals (D:1)
  A quokka (D:1)
  5 frilled lizards (D:1)
  2 goblins
  3 kobolds (D:1)
  2 rats
27 creatures vanquished.

Notes
Turn   | Place    | Note
-------+----------+-------------------------------------------
     0 | D:1      | qw the Gargoyle Berserker began the quest for the Orb.
     0 | D:1      | Reached XP level 1. HP: 14/14 MP: 1/1
     0 | D:1      | 0 ||| qw: Version: 0.1-a-107-g9ff403c
     0 | D:1      | 0 ||| qw: Game counter: 6151
     0 | D:1      | 0 ||| qw: Always use a shield: true
     0 | D:1      | 0 ||| qw: Do Orc after D:15 true
     0 | D:1      | 0 ||| qw: Do second Lair branch before Depths: true
     0 | D:1      | 0 ||| qw: Lair rune preference: random
     0 | D:1      | 0 ||| qw: Plans: Normal
     0 | D:1      | 0 ||| PLANNING D:1-11
    49 | D:1      | Reached skill level 3 in Axes
   105 | D:1      | 105 ||| Stepping ~*~*~tactically~*~*~ (stealth).
   106 | D:1      | 106 ||| Stepping ~*~*~tactically~*~*~ (stealth).
   107 | D:1      | 107 ||| Stepping ~*~*~tactically~*~*~ (stealth).
   236 | D:1      | Reached XP level 2. HP: 19/19 MP: 2/2
   482 | D:1      | Found a faded altar of an unknown god.
   640 | D:1      | Reached XP level 3. HP: 20/23 MP: 3/3
   880 | D:1      | Reached ** piety under Trog
   936 | D:1      | 936 ||| UPGRADING to +2 pair of gloves.
   941 | D:1      | 941 ||| UPGRADING to +4 ring of protection.
   942 | D:1      | 942 ||| DROPPING +6 ring of intelligence.
   943 | D:1      | 943 ||| READING scroll labelled ONUTAO HUEJADD.
   944 | D:1      | 944 ||| READING 3 scrolls labelled KELOXA VEGUTEPP.
   947 | D:1      | 947 ||| READING scroll labelled DEXUZX WIOKK.
  1035 | D:2      | Noticed Jessica
  1036 | D:2      | 1036 ||| Stepping ~*~*~tactically~*~*~ (hiding).
  1037 | D:2      | 1037 ||| Stepping ~*~*~tactically~*~*~ (hiding).
  1047 | D:2      | Killed from afar by Jessica

Levels and vault maps discovered:
D:1:      lemuel_arrival_cross, layout_loops_ring,
          shapermc_ecumenical_altar_mp_urbaneastern
D:2:      layout_loops_ring, serial_shops, nicolae_shop_waterfront,
          uniq_crazy_yiuf_cottage, uniq_jessica

Skill      XL: |  1 |
---------------+----+-----
Axes           | 3 |  3.9
Fighting       | |  3.2
Armour         | |  2.1
Dodging        | |  1.5

Action                   || total
-------------------------++-------
Melee: Hand axe          ||    76
  Use: Scroll            ||     3
Armor: Animal skin       ||    21
Dodge: Dodged            ||    42

Table legend:
 A = Non-vault XP
 B = Vault XP
 C = Vault XP percentage of total XP
 D = Non-vault monster count
 E = Vault monster count
 F = Vault count percentage of total count
                 A         B        C        D         E       F
            +---------+---------+-------+---------+---------+-------
      Total |      46 |       0 |   0.0 |      27 |       0 |   0.0
            +---------+---------+-------+---------+---------+-------
        D:1 |      40 |       0 |   0.0 |      23 |       0 |   0.0
        D:2 |       6 |       0 |   0.0 |       4 |       0 |   0.0
            +---------+---------+-------+---------+---------+-------
